 Dungeon Crawl Stone Soup version 0.29-a0-997-gf6f7e2dfe7 (webtiles) character file.

Game seed: 14942438586800691370

3003 siradein the Skirmisher (level 9, -16/72 HPs)
             Began as a Grey Draconian Hunter on Aug 4, 2022.
             Killed from afar by an acid dragon (20 damage)
             ... with a splash of acid
             ... on level 8 of the Dungeon.
             The game lasted 00:19:48 (8775 turns).

siradein the Skirmisher (Grey Draconian Hunter)     Turns: 8775, Time: 00:19:48

Health: -16/72     AC:  2    Str: 14    XL:     9   Next: 54%
Magic:  9/9        EV: 14    Int: 10    God:
Gold:   318        SH:  0    Dex: 18    Spells: 8/8 levels left

rFire   . . .      SeeInvis .   a - +0 shortbow
rCold   . . .      Faith    .   (shield currently unavailable)
rNeg    . . .      Spirit   .   (body armour unavailable)
rPois   .          Reflect  .   (helmet restricted)
rElec   .          Harm     .   k - +0 cloak
rCorr   .          Rampage  .   n - +0 pair of gloves
Will    .....                   (no boots)
Stlth   +++.......              (no amulet)
HPRegen 0.22/turn               (no ring)
MPRegen 0.11/turn               (no ring)

@: corroded
A: AC +12, amphibious, unfitting armour, cold-blooded
a: no special abilities


You were on level 8 of the Dungeon.
You visited 2 branches of the dungeon, and saw 9 of its levels.

You collected 318 gold pieces.

Inventory:

Hand Weapons
 a - a +0 shortbow (weapon)
 r - a +3 scimitar
Missiles
 m - a throwing net
Armour
 k - a +0 cloak (worn)
 n - a +0 pair of gloves (worn)
Wands
 s - a wand of digging (3)
Scrolls
 c - 3 scrolls of amnesia
 d - 2 scrolls of teleportation
 e - a scroll of blinking {unknown}
 g - a scroll of poison {unknown}
 h - 3 scrolls of fear {unknown}
 p - a scroll of butterflies {unknown}
 w - 2 scrolls of brand weapon {unknown}
 x - a scroll of acquirement {unknown}
Potions
 b - 2 potions of heal wounds {unknown}
 f - a potion of mutation
 i - 2 potions of haste
 j - a potion of lignification
 l - 2 potions of might
 o - a potion of flight {unknown}
 q - 3 potions of curing
 t - 2 potions of brilliance {unknown}
 u - 2 potions of invisibility {unknown}
 v - a potion of magic {unknown}


   Skills:
 + Level 4.7 Fighting
 + Level 11.2 Ranged Weapons
 + Level 3.8 Dodging
 + Level 3.8 Stealth


You had 8 spell levels left.
You didn't know any spells.
Your spell library contained the following spells:

 Spells                   Type           Power      Damage    Failure   Level
 Summon Small Mammal      Summ           0%         N/A       36%         1
 Call Canine Familiar     Summ           0%         N/A       75%         3
 Dazzling Flash           Conj/Hex       0%         N/A       75%         3
 Frozen Ramparts          Ice            0%         1d8       75%         3
 Stone Arrow              Conj/Erth      0%         3d7       75%         3
 Summon Guardian Golem    Hex/Summ       0%         N/A       75%         3
 Ice Form                 Ice/Tmut       0%         N/A       98%         4
 Summon Ice Beast         Ice/Summ       0%         N/A       98%         4
 Agony                    Necr           0%         N/A       100%        5
 Blade Hands              Tmut           0%         N/A       100%        5
 Silence                  Hex/Air        0%         N/A       100%        5
 Iron Shot                Conj/Erth      0%         9d1       100%        6
 Lehudib's Crystal Spear  Conj/Erth      0%         10d2      100%        8
 Animate Armour           Summ/Erth      Unusable   N/A       N/A         4

Dungeon Overview and Level Annotations

Branches:
Dungeon (8/15)             Temple (1/1) D:6
   Lair: D:8-11

Altars:
Ashenzari
Cheibriados
Dithmenos
Elyvilon
Fedhas
Gozag
Kikubaaqudgha
Makhleb
Nemelex Xobeh
Okawaru
Qazlal
Ru
Sif Muna
Trog
Uskayaw
Vehumet
Wu Jian
Xom
Yredelemnul
Zin
The Shining One

Shops:
D:7 (

Annotations:
D:7 Joseph


Innate Abilities, Weirdness & Mutations

Your dull iron-grey scales are very hard. (AC +12)
You are amphibious.
You cannot fit into any form of body armour.
You are cold-blooded and may be slowed by cold attacks.


Message History

Aim: an acid dragon (almost dead, 68% to hit)
You shoot an arrow.
The arrow barely misses the acid dragon.
The acid dragon spits acid at you. The splash of acid misses you.
Fire: a) +0 shortbow
Press: ? - help, Q - select action, (/) - cycle Shift-Dir - straight line, f/p - acid dragon
Aim: an acid dragon (almost dead, catching its breath, 68% to hit)
You shoot an arrow.
The arrow hits the acid dragon but does no damage.
The acid dragon is almost dead.
The acid dragon bites you.
* * * LOW HITPOINT WARNING * * *
The acid dragon claws you.
* * * LOW HITPOINT WARNING * * *
Fire: a) +0 shortbow
Press: ? - help, Q - select action, (/) - cycle Shift-Dir - straight line, f/p - acid dragon
Aim: an acid dragon (almost dead, 68% to hit)
You shoot an arrow.
The arrow closely misses the acid dragon.
The acid dragon bites you but does no damage.
The acid dragon claws you.
* * * LOW HITPOINT WARNING * * *
Fire: a) +0 shortbow
Press: ? - help, Q - select action, (/) - cycle Shift-Dir - straight line, f/p - acid dragon
Aim: an acid dragon (almost dead, 68% to hit)
You shoot an arrow.
The arrow hits the acid dragon but does no damage.
The acid dragon is almost dead.
The acid dragon barely misses you. The acid dragon claws you.
* * * LOW HITPOINT WARNING * * *
Fire: a) +0 shortbow
Press: ? - help, Q - select action, (/) - cycle Shift-Dir - straight line, f/p - acid dragon
Aim: an acid dragon (almost dead, 68% to hit)
You shoot an arrow.
The arrow hits the acid dragon but does no damage.
The acid dragon is almost dead.
The acid dragon spits acid at you. The splash of acid hits you!!
You die...

.............#####'#.........
.#######.....# ...#.........
#.....# ....##########
#.....# ....# #.... #.....#
..+ #.... #.....# ...## #....
#.....# ....##...##...
#.....#.....##...##...
#....@D......#........
#.....#......#...##...
#.....# ....##...##)..
#.....# ######...##...
.......# ....##...##...
........# .......)......
.........# .......<......
........## ...###.)......
#########


You could see an acid dragon (catching breath).

Vanquished Creatures
  Menkaure (D:6)
  Duvessa (D:6)
  3 water moccasins
  Pargi (D:3)
  2 ice beasts (D:6)
  A sky beast (D:7)
  A black bear (D:7)
  An ogre (D:6)
  A phantom (D:5)
  A bullfrog (D:6)
  A kobold brigand (D:6)
  5 scorpions
  A necrophage (D:5)
  6 wights
  Dowan (D:6)
  4 killer bees (D:6)
  2 howler monkeys (D:7)
  3 hounds
  2 jellies
  An orc priest (D:7)
  A gnoll bouda (D:7)
  An iguana (D:5)
  Ijyb (D:3)
  3 orc wizards (D:7)
  17 gnolls
  7 adders
  3 shadow imps
  A white imp (D:4)
  5 worms
  3 dart slugs
  14 orcs
  12 endoplasms
  3 giant cockroaches
  8 goblins
  8 hobgoblins
  4 jackals (D:2)
  20 kobolds
  7 quokkas
  9 ball pythons
  5 bats
  4 frilled lizards
  3 rats
178 creatures vanquished.

Vanquished Creatures (others)
  7 fungi (D:3)
  4 plants (D:3)
11 creatures vanquished.

Grand Total: 189 creatures vanquished

Notes
Turn   | Place    | Note
-------+----------+-------------------------------------------
     0 | D:1      | siradein the Draconian Hunter began the quest for the Orb.
     0 | D:1      | Reached XP level 1. HP: 17/17 MP: 1/1
    94 | D:1      | Reached skill level 4 in Ranged Weapons
   141 | D:1      | Reached XP level 2. HP: 24/24 MP: 2/2
   821 | D:2      | Reached XP level 3. HP: 20/29 MP: 3/3
  1246 | D:2      | Reached skill level 5 in Ranged Weapons
  1568 | D:3      | Reached XP level 4. HP: 36/36 MP: 4/4
  2047 | D:3      | Found a broken altar of Ashenzari.
  2247 | D:3      | Noticed Ijyb
  2265 | D:3      | Killed Ijyb
  2266 | D:3      | Reached XP level 5. HP: 30/41 MP: 5/5
  2399 | D:3      | Found a white marble altar of Elyvilon.
  2399 | D:3      | Found a glowing silver altar of Zin.
  2414 | D:3      | Found a glowing golden altar of the Shining One.
  2447 | D:3      | Found a snail-covered altar of Cheibriados.
  2454 | D:3      | Reached skill level 6 in Ranged Weapons
  2538 | D:3      | Noticed Pargi
  2548 | D:3      | Killed Pargi
  2614 | D:3      | Found an ornate altar of the Wu Jian Council.
  2947 | D:3      | Found a faded altar of an unknown god.
  2992 | D:3      | Reached XP level 6. HP: 48/48 MP: 6/6
  3478 | D:4      | Reached skill level 7 in Ranged Weapons
  3882 | D:4      | Your scales start taking on a dull iron-grey colour.
  3882 | D:4      | Reached XP level 7. HP: 28/55 MP: 7/7
  4223 | D:4      | Reached skill level 8 in Ranged Weapons
  4702 | D:5      | Entered Level 5 of the Dungeon
  5312 | D:5      | Reached skill level 9 in Ranged Weapons
  5546 | D:6      | Reached XP level 8. HP: 30/61 MP: 8/8
  6024 | D:6      | Reached skill level 10 in Ranged Weapons
  6413 | D:6      | Reached skill level 1 in Stealth
  6663 | D:6      | Noticed Menkaure
  6665 | D:6      | Noticed Duvessa
  6667 | D:6      | Noticed Dowan
  6668 | D:6      | Killed Dowan
  6668 | D:6      | Killed Menkaure
  6668 | D:6      | Killed Duvessa
  6669 | D:6      | Reached XP level 9. HP: 31/70 MP: 9/9
  6878 | D:6      | Found a staircase to the Ecumenical Temple.
  6900 | Temple   | Entered the Ecumenical Temple
  7463 | D:6      | HP: 5/105 [poisoned by a water moccasin]
  7468 | D:6      | Reached skill level 11 in Ranged Weapons
  7825 | D:7      | Noticed Joseph
  8190 | D:7      | Found Favesaal's Antique Weapon Emporium.
  8693 | D:8      | Found a sacrificial altar of Ru.
  8775 | D:8      | Killed from afar by an acid dragon

Illustrated notes

Levels and vault maps discovered:
D:1:      scummos_arrival_simple_fountains, layout_basic
D:2:      layout_rooms, nicolae_figureground_pulse
D:3:      layout_loops_corners, dreamdust_divine_triumvirate,
          nicolae_wu_jian_immortal_techniques, nicolae_ashenzari_skybound,
          slow_altar_1, shapermc_ecumenical_altar_hornbeckon, uniq_ijyb,
          uniq_pargi
D:4:      minmay_diamond_boxcup, layout_loops_corners, kennysheep_generic_room_5
D:5:      layout_basic
D:6:      layout_rooms, minmay_temple_entry_nine_rooms, uniq_duvessa,
          uniq_menkaure
D:7:      layout_rooms, serial_shops, nicolae_shop_competitors_out_of_business,
          minmay_manual_monolith, uniq_joseph
D:8:      layout_gridville, nicolae_ru_the_path_less_chosen,
          nzn_hepliaklqana_mist_gate, david_lair_generic
Temple:   nicolae_temple_two_arcs

Skill      XL: |  1  2  3  4  5  6  7  8  9 |
---------------+----------------------------+-----
Ranged Weapons | 4 5 6 7 9 10 11 | 11.2
Stealth        | 2 3 |  3.8
Fighting       | 3 4 |  4.7
Dodging        | 2 3 |  3.8

Action                   |  1- 3 |  4- 6 |  7- 9 || total
-------------------------+-------+-------+-------++-------
Melee: Shortbow          |       |       |     1 ||     1
 Fire: Shortbow          |   125 |   221 |   479 ||   825
  Use: Scroll            |       |     5 |     5 ||    10
       Potion            |       |       |     4 ||     4
Armor: Skin              |    15 |    70 |   203 ||   288
Dodge: Dodged            |    27 |   109 |   212 ||   348

Table legend: (Time is in decaauts)
 A = Elapsed time spent in this place.
 B = Non-inter-level travel time spent in this place.
 C = Inter-level travel time spent in this place.
 D = Time resting spent in this place.
 E = Time spent auto-exploring this place.
 F = Levels seen in this place.
 G = Mean time per level.
                   A        B        C        D        E       F      G
               +--------+--------+--------+--------+--------+-----+--------+
         Total |   8863 |   8593 |    270 |   1107 |   6060 |   9 |  984.8 |
       Dungeon |   8744 |   8474 |    270 |   1107 |   5982 |   8 | 1093.0 |
        Temple |    118 |    118 |      0 |      0 |     78 |   1 |  118.0 |
               +--------+--------+--------+--------+--------+-----+--------+

Top non-repeatable levels by time:
     D:6: 2354 daAuts
     D:3: 1600 daAuts
     D:4: 1588 daAuts
     D:1: 1046 daAuts
     D:5: 750 daAuts
     D:2: 549 daAuts
     D:7: 461 daAuts
     D:8: 392 daAuts
  Temple: 118 daAuts
